 Dungeon Crawl Stone Soup version 0.28.0 (webtiles) character file.

Game seed: 122870612950283355

25 dorian the Gusty (level 3, 0/28 HPs)
             Began as a Tengu Air Elementalist on Feb 11, 2022.
             Succumbed to an adder's poison
             ... on level 2 of the Dungeon.
             The game lasted 00:01:41 (1103 turns).

dorian the Gusty (Tengu Air Elementalist)           Turns: 1103, Time: 00:01:42

Health: 0/28       AC: 21    Str:  8    XL:     3   Next: 4%
Magic:  1/7        EV:  2    Int: 17    God:
Gold:   77         SH:  0    Dex: 14    Spells: 5/6 levels left

rFire   . . .      SeeInvis .   (no weapon)
rCold   . . .      Faith    .   (no shield)
rNeg    . . .      Spirit   .   (armour currently unavailable)
rPois   +          Reflect  .   (helmet currently unavailable)
rElec   .          Harm     .   (cloak currently unavailable)
rCorr   .          Rampage  .   (gloves currently unavailable)
Will    .....      NoTele   +   (boots unavailable)
Stlth   ++........              (no amulet)
HPRegen 0.09/turn               (no ring)
MPRegen 0.10/turn               (no ring)

@: lethally poisoned (0 -> -1), tree-form
A: stationary, stasis, torment immunity, boosted hp, (beak), (talons 3)
a: no special abilities


You were on level 2 of the Dungeon.
You were a tree.
You visited 1 branch of the dungeon, and saw 2 of its levels.

You collected 77 gold pieces.

Inventory:

Armour
 a - a +0 robe (melded)
Scrolls
 b - a scroll of enchant weapon {unknown}


   Skills:
 - Level 2.1 Dodging
 - Level 2.0 Stealth
 + Level 2.2 Spellcasting
 * Level 2.6 Conjurations
 * Level 4.6 Air Magic


You had 5 spell levels left.
You knew the following spells:

 Your Spells              Type           Power      Damage    Failure   Level
a - Shock                 Conj/Air       56%        1d6       4%          1

Your spell library contained the following spells:

 Spells                   Type           Power      Damage    Failure   Level
 Static Discharge         Conj/Air       14%        N/A       6%          2
 Swiftness                Air            17%        N/A       9%          3
 Airstrike                Air            8%         N/A       28%         4


Dungeon Overview and Level Annotations

Branches:
Dungeon (2/15)

Altars:


Innate Abilities, Weirdness & Mutations

You are a tree.
Your roots penetrate the ground, keeping you stationary.
You cannot be teleported.
You are immune to unholy pain and torment.
Your maximum health is greatly increased.
Your equipment is partially melded.
((You have a beak for a mouth.))
((You have claws for feet.))


Message History

The adder closely misses you. The adder barely misses you.
You miss the adder. Your kick misses the adder. Your peck misses the adder.
The adder is heavily wounded.
The adder bites you.
The zap misses the adder.
The adder barely misses you.
The zap hits the adder.
The adder is almost dead.
The adder bites you. x2
You are lethally poisoned!
The adder poisons you!
You are too injured to fight recklessly!
Casting: Shock (safe; 5% risk of failure)
Confirm with . or Enter, or press ? or * to list all spells.
Aiming: Shock (safe; 5% risk of failure)
Press: ? - help, Shift-Dir - straight line, f/p - adder
Aim: an adder (almost dead, 48% to hit)
The zap hits the adder.
You kill the adder!
* * * LOW HITPOINT WARNING * * *
You feel sick.
You have reached level 3!
Your experience leads to an increase in your attributes!
Increase (S)trength, (I)ntelligence, or (D)exterity?
You feel clever. x2
It was a potion of cancellation.
You feel magically purged.
* * * LOW HITPOINT WARNING * * *
You feel sick.
It was a potion of flight.
You feel very buoyant.
You fly up into the air.
* * * LOW HITPOINT WARNING * * *
You feel sick.
It was a potion of lignification.
You turn into a tree.
Your +0 robe melds into your body.
Your roots penetrate the ground.
* * * LOW HITPOINT WARNING * * *
You feel sick.
There is a lethal amount of poison in your body!
* * * LOW HITPOINT WARNING * * *
You feel sick.
You die...

.. .# ##+#.## .
#..... .. #....
.. ########...#
.#..
...........#.....
.........♣†......
..........#....$#
..........# .#...
.......<..# .. #
..........# ..
#######'### .#
#.# # #.# #..


There were no monsters in sight!

Vanquished Creatures
  An adder (D:2)
  A dart slug (D:1)
  A ball python (D:1)
  An endoplasm (D:1)
  A goblin (D:1)
  3 kobolds (D:1)
  A quokka (D:1)
  3 frilled lizards
  2 rats (D:1)
14 creatures vanquished.

Notes
Turn   | Place    | Note
-------+----------+-------------------------------------------
     0 | D:1      | dorian the Tengu Air Elementalist began the quest for the
                  | Orb.
     0 | D:1      | Reached XP level 1. HP: 10/10 MP: 4/4
   661 | D:1      | Reached XP level 2. HP: 15/15 MP: 3/6
  1099 | D:2      | Reached XP level 3. HP: 3/19 MP: 0/7
  1102 | D:2      | HP: 1/28 [poisoned by an adder]
  1103 | D:2      | Succumbed to an adder's poison

Illustrated notes

Levels and vault maps discovered:
D:1:      dpeg_arrival_chambers_temple_mockup, layout_rooms, serial_bayou_pond_d
D:2:      layout_basic, serial_shops,
          nicolae_shop_temple_entry_statues_fountains, grunt_ministairs_7

Skill      XL: |  1 |
---------------+----+-----
Conjurations   | 2 |  2.6
Dodging        | |  2.1
Stealth        | |  2.0
Spellcasting   | |  2.2
Air Magic      | |  4.6

Action                   || total
-------------------------++-------
Melee: Unarmed           ||     7
 Cast: Shock             ||    31
  Use: Potion            ||     3
Dodge: Dodged            ||     5
